 Dungeon Crawl Stone Soup version 0.31.0-1-g2c135a0 (webtiles) character file.

Game seed: 8381538094979530082

477292 AndadaC the Slayer (level 23, -2/207 (226) HPs)
             Began as a Minotaur Berserker on Jan 25, 2024.
             Was a High Priest of Trog.
             Killed from afar by a shadow dragon (58 damage)
             ... with a bolt of negative energy
             ... on level 1 of the Realm of Zot on Feb 1, 2024.
             The game lasted 03:18:36 (48567 turns).

AndadaC the Slayer (Minotaur Berserker)            Turns: 48567, Time: 03:18:37

HP:   -2/207 (226)  AC: 41    Str: 34    XL:     23   Next: 1%
MP:   22/22         EV: 11    Int:  7    God:    Trog [*****.]
Gold: 3687          SH: 35    Dex: 11    Spells: 22/22 levels left

rFire   + . .        E - +16 obsidian axe {drain, demonic, Mesm ^Drain Fly SInv}
rCold   + + .        b - +8 tower shield
rNeg    . . .        J - +8 orange crystal plate armour {Archmagi, Int+3 Clar}
rPois   .            c - +2 hood of the Assassin {Detect Stab+ Stlth++}
rElec   .            u - scarf of Duecw {rC+ rF+, Rampage Str+2}
rCorr   +            L - +1 pair of gloves of Gehenna {*Corrode rC+ Will+}
SInv    +            w - +2 pair of boots
Will    ++++.        g - amulet of reflection
Stlth   x              - ring of Pride {Wiz rCorr Slay+3}
HPRegen 1.54/turn    G - +4 ring of slaying
MPRegen 0.18/turn

%: corrode self (3%), reflection, clarity, rampage, wizardry (x1), archmagi
@: strong-willed (expiring), corroded, flying, mesmerised, regenerating
(expiring), studying 2 skills, drained
A: horns 2, retaliatory headbutt, berserk 1
}: 3/15 runes: decaying, silver, gossamer
a: Renounce Religion, Berserk, Trog's Hand, Brothers in Arms


You were on level 1 of the Realm of Zot.
You worshipped Trog.
Trog was extremely pleased with you.
You visited 9 branches of the dungeon, and saw 43 of its levels.
You also visited: Ossuary, Bailey, Ice Cave and Wizlab.

You collected 9149 gold pieces.
You spent 5462 gold pieces at shops.

Inventory:

Hand Weapons
 E - the +16 obsidian axe (weapon) {drain, demonic, Mesm ^Drain Fly SInv}
   (You bought it in a shop on level 13 of the Dungeon)

   Mesm:      Its wielder is mesmerised by any visible foes, and it cannot be
   unequipped while any foes are visible.
   SInv:      It lets you see invisible.
   Fly:       It grants you flight.
   ^Drain:    It drains your maximum health when unequipped.
 F - a +7 antimagic broad axe
 V - a +5 spectral broad axe
Missiles
 r - 7 curare-tipped darts
 M - 9 javelins
Armour
 b - a +8 tower shield (worn)
 c - the +2 hood of the Assassin (worn) {Detect Stab+ Stlth++}
   (You found it on level 3 of the Elven Halls)

   Detect:    It allows the wearer to sense nearby creatures.
   Stab+:     It allows the wearer to make particularly effective stabbing
   attacks against helpless or unaware enemies with any weapon.
   Stlth++:   It makes you much more stealthy.
 o - a +2 cloak of poison resistance
 u - the scarf of Duecw (worn) {rC+ rF+, Rampage Str+2}
   (You bought it in a shop on level 3 of the Elven Halls)

   Str+2:     It affects your strength (+2).
   Rampage:   It bestows one free step when moving towards enemies.
 w - a +2 pair of boots (worn)
 H - the +15 Maxwell's patent armour {-Cast -Tele rElec Will+ rCorr}
   (You acquired it on level 2 of the Dungeon)

   rElec:     It insulates you from electricity.
   Will+:     It increases your willpower.
   -Cast:     It prevents spellcasting.
   -Tele:     It prevents most forms of teleportation.
   rCorr:     It protects you from acid and corrosion.
 J - the +8 orange crystal plate armour (worn) {Archmagi, Int+3 Clar}
   (You bought it in a shop on level 13 of the Dungeon)

   Int+3:     It affects your intelligence (+3).
   Clar:      It protects you from confusion, rage, mesmerisation and fear.
 L - the +1 pair of gloves of Gehenna (worn) {*Corrode rC+ Will+}
   (You found it on level 10 of the Dungeon)

   rC+:       It protects you from cold.
   Will+:     It increases your willpower.
   *Corrode:  It may corrode you when you take damage.
 U - the +18 shield of the Gong {Loud rN+ Will+ rCorr EV-5}
   (You acquired it on level 2 of the Vaults)

   Loud:      It is deafeningly noisy when blocking attacks.
   EV-5:      It affects your evasion (-5).
   rN+:       It protects you from negative energy.
   Will+:     It increases your willpower.
   rCorr:     It protects you from acid and corrosion.
Jewellery
 g - an amulet of reflection (around neck)
 p - a ring of positive energy
 x - the ring of Pride (left hand) {Wiz rCorr Slay+3}
   (You found it on level 5 of the Dungeon)

   [ring of wizardry]

   Wiz:       It improves your spell success rate.
   Slay+3:    It affects your accuracy & damage with ranged weapons and melee
   (+3).
   rCorr:     It protects you from acid and corrosion.
 D - a +4 ring of slaying
 G - a +4 ring of slaying (right hand)
 P - a ring of protection from fire
 T - the ring of Runkyrchi {rC+ EV+5}
   (You took it off a tengu reaver on level 5 of the Vaults)

   [ring of evasion]

   EV+5:      It affects your evasion (+5).
   rC+:       It protects you from cold.
Talismans
 a - a dragon-blood talisman
 y - a storm talisman
Wands
 l - a wand of mindburst (32)
 m - a wand of light (20)
 C - a wand of paralysis (37)
 O - a wand of iceblast (80)
 Y - a wand of digging (19)
Scrolls
 f - 27 scrolls of teleportation
 h - 18 scrolls of fear
 i - 10 scrolls of enchant armour
 n - 9 scrolls of blinking
 v - 9 scrolls of fog
 A - 5 scrolls of summoning
 K - 4 scrolls of revelation
 R - a scroll of silence
Potions
 d - 14 potions of curing
 e - 8 potions of attraction
 j - 6 potions of lignification
 k - 7 potions of might
 q - 2 potions of enlightenment
 s - 10 potions of ambrosia
 t - 5 potions of haste
 B - 6 potions of heal wounds
 N - 10 potions of mutation
 S - 2 potions of cancellation
 W - 4 potions of resistance
 Z - 6 potions of invisibility
Miscellaneous
 z - a phantom mirror
 I - a lightning rod (4/4)
 Q - a phial of floods
 X - a tin of tremorstones (2/2)


   Skills:
 - Level 23.0 Fighting
 + Level 19.4 Axes
 - Level 23.0 Armour
 * Level 10.6 Dodging
 - Level 0.1 Stealth
 - Level 23.0 Shields
 - Level 20.0 Evocations


You had 22 spell levels left.
You didn't know any spells.
Your spell library was empty.

Dungeon Overview and Level Annotations

Branches:
Dungeon (15/15)            Temple (0/1) D:7            Lair (5/5) D:9
  Swamp (4/4) Lair:2       Spider (4/4) Lair:2        Slime (0/5) Lair:5
    Orc (2/2) D:10            Elf (3/3) Orc:2        Vaults (5/5) D:14
  Crypt (0/3) Vaults:3     Depths (4/4) D:15            Zot (1/5) Depths:4
Ossuary (visited)          Bailey (visited)           IceCv (visited)
 WizLab (visited)

Altars:
Cheibriados
Dithmenos
Fedhas
Gozag
Hepliaklqana
Kikubaaqudgha
Qazlal
Sif Muna
Trog
Wu Jian
Yredelemnul
Jiyva

Shops:
D:2 ?   D:5 ?*((*   D:8 :   D:11 **!   D:13 *   D:14 (   Orc:2 [!!=   Elf:2 [
Elf:3 [   Vaults:4 ([((   Depths:3 !

Portals:
Hell: Depths:1 Depths:3 Depths:4
Abyss: Depths:3
Pandemonium: Depths:3 Depths:4
Ziggurat: Depths:1

Annotations:
Swamp:4 exclusion: 2 upstairs


Innate Abilities, Weirdness & Mutations

You have a pair of horns on your head.
You reflexively headbutt those who attack you in melee.
You sometimes lose your temper in combat.


Message History

A shadow dragon comes into view.
Your red devil is no longer covered in acid.
The storm dragon breathes lightning at your two-headed ogre.
The bolt of lightning hits your two-headed ogre!!
Your two-headed ogre dies!
Your two-headed ogre's corpse disappears in a puff of smoke!
Unknown command.
Okay, then.
Unknown command.
Your ogre goes berserk!
Your red devil hits the storm dragon from afar with a +0 demon trident!!
The storm dragon is skewered by barbed spikes.
The storm dragon closely misses your sun demon.
The storm dragon claws your sun demon!
The storm dragon closely misses your sun demon.
Your sun demon barely misses the storm dragon.
Unknown command.
Unknown command.
Unknown command.
Your sun demon closely misses the shadow dragon.
Unknown command.
Unknown command.
You closely miss the shadow dragon.
Visions of slaying the shadow dragon flood into your mind.
Your sun demon hits the shadow dragon!
The shadow dragon is engulfed in flames!
Unknown command.
You closely miss the shadow dragon. You headbutt the shadow dragon.
The shadow dragon is moderately wounded.
You feel the effects of Trog's Hand fading.
Your ogre barely misses the storm dragon.
The storm dragon bites your ogre! The storm dragon claws your ogre.
The storm dragon tramples your ogre!
Your ogre stumbles backwards!
Your sun demon hits the storm dragon!
The storm dragon is engulfed in flames!
The storm dragon dies!
Trog accepts your kill.
The storm dragon scales are intact enough to wear.
The shadow dragon breathes negative energy at you.
The bolt of negative energy hits you!!!
You feel drained.
You die...

.. ............ ... ...
................. ....
##...............
....##................
##........⌠†..###......
#.............).........
...............)).....#
..........###[)..4....#
........##...$)O@3#....
.....#.....#####[D# .!
....#................
.........##.#..........
....#....##.....##......
.................##..#..
.....#.........### #....
†#..##...#..#### ###
.#.......#..#


You could see a shadow dragon (mesmerising, catching breath), a friendly sun
demon (summoned, corroded), a friendly red devil (summoned) and a friendly ogre
(summoned, berserk).

Vanquished Creatures
  2 dread liches
  An ancient lich (Vaults:5)
  A golden dragon (Depths:4)
  A bone dragon (Depths:4)
  Jorgrun (Orc:1)
  5 tentacled monstrosities
  A lich (Depths:4)
  2 titans (Vaults:5)
  3 quicksilver dragons
  A deep elf master archer (Elf:3)
  2 deep elf blademasters (Elf:3)
  6 sphinxes
  A death cob (Zot:1)
  10 tentacled starspawn (WizLab)
  Frances (D:14)
  2 thorn hunters (Swamp:4)
  Gastronok (D:8)
  3 shadow dragons
  8 tengu reavers (Vaults:5)
  5 storm dragons
  The ghost of Urrug the Nimble, a journeyman DrEE of Vehumet (Lair:2)
  2 fenstrider witches (Swamp:4)
  2 draconian knights (Zot:1)
  A draconian monk (Zot:1)
  8 frost giants
  A fire giant (Vaults:5)
  2 iron dragons (Vaults:5)
  6 deep elf sorcerers
  Louise (Spider:1)
  4 orc warlords
  A draconian scorcher (Zot:1)
  The ghost of SafestHooves the Brawler, a journeyman CeMo of Okawaru (D:15)
  17 vault wardens
  2 cacodemons (WizLab)
  A curse skull (Vaults:3)
  2 draconian annihilators (Zot:1)
  5 deep elf elementalists (Elf:3)
  A ghoul (Swamp:4)
  4 emperor scorpions (Spider:4)
  A draconian stormcaller (Depths:4)
  2 vampire knights
  10 ironbound preservers
  A caustic shrike skeleton (Depths:1)
  14 very ugly things
  3 formless jellyfish
  4 ironbound thunderhulks
  20 stone giants
  A broodmother (Spider:4)
  2 eleionomae (Swamp:1)
  8 deep elf demonologists
  3 deep elf annihilators (Elf:3)
  Nessos (D:14)
  7 deep elf death magi
  3 spark wasps (Depths:3)
  2 black draconians (Zot:1)
  3 bunyips
  A yellow draconian (Zot:1)
  5 dire elephants
  A purple draconian (Depths:4)
  3 war gargoyles
  2 white draconians
  A crystal guardian (Vaults:3)
  A green death (Swamp:4)
  2 red draconians (Depths:4)
  Snorg (D:14)
  A blizzard demon (Swamp:4)
  5 fire dragons
  A merfolk javelineer (Depths:3)
  8 ettins
  6 deep elf high priests
  4 entropy weavers
  A quicksilver dragon zombie (D:15)
  A shambling mangrove (Swamp:4)
  A spectral golden dragon (D:15)
  8 ice dragons
  32 vault guards
  10 great orbs of eyes
  13 yaktaur captains
  5 spriggan air magi
  10 hydras
  2 catoblepae
  A rakshasa (Depths:2)
  3 radroaches (Spider:4)
  A ghost crab (Swamp:4)
  12 alligators
  3 peacekeepers
  7 ogre magi
  4 boulder beetles
  16 two-headed ogres
  18 centaur warriors
  9 ironbound frosthearts
  A merfolk avatar (Lair:5)
  4 tengu warriors
  2 death yaks (Lair:5)
  6 deep troll shamans
  An orc high priest (D:13)
  2 occultists
  A vampire mage (D:15)
  11 dancing weapons
  2 deep troll earth magi
  10 demonic crawlers
  3 spriggan berserkers
  9 deep elf knights
  A spectral spriggan (D:15)
  2 skysharks (Lair:5)
  2 sixfirhies (Swamp:4)
  A deep troll (shapeshifter) (Depths:2)
  6 glowing orange brains
  4 pharaoh ants
  A goliath frog (Swamp:1)
  An iron troll (Depths:2)
  3 skeletal warriors (D:15)
  A bog body (IceCv)
  An orb spider (shapeshifter) (Vaults:5)
  6 sun moths
  5 spriggan druids (Swamp:4)
  2 swamp dragons
  A sea snake (shapeshifter) (Vaults:3)
  17 deep elf archers
  A flayed ghost (Depths:3)
  9 orb spiders
  30 deep trolls
  Pikel (D:8)
  A shadow dragon zombie (Depths:1)
  4 phantasmal warriors
  7 necromancers
  5 arcanists
  10 starcursed masses (WizLab)
  6 lindwurms (Vaults:1)
  15 deep elf zephyrmancers
  A tengu zombie (Vaults:2)
  26 deep elf pyromancers
  3 steelbarb worms
  20 ironbound convokers
  A tengu skeleton (Vaults:5)
  3 orc sorcerers
  3 stone giant zombies
  4 orc knights
  4 manticores
  22 ugly things
  A wolf spider (shapeshifter) (Vaults:5)
  2 fire giant zombies
  2 will-o-the-wisps
  6 moths of wrath
  Maurice (D:8)
  8 cyclopes
  An elephant (shapeshifter) (Elf:1)
  16 wolf spiders
  10 meliai
  A meliai (shapeshifter) (D:13)
  An elephant (Lair:5)
  6 black mambas
  A human skeleton (Vaults:2)
  A smoke demon (Swamp:4)
  A torpor snail (Lair:5)
  2 ice statues (IceCv)
  18 vault sentinels
  2 eyes of devastation (WizLab)
  The ghost of Biscolet the Trooper, a novice DjFi (D:4)
  A gargoyle (D:14)
  13 cane toads
  2 orange demons (Swamp:4)
  3 rime drakes
  2 kobold demonologists (D:12)
  17 yaktaurs
  Jeremiah (D:6)
  A yaktaur zombie (Vaults:1)
  3 tengu conjurers
  An efreet (D:15)
  9 komodo dragons
  A freezing wraith (IceCv)
  3 anaconda simulacra (IceCv)
  6 ice devils (IceCv)
  2 wind drakes (Lair:5)
  A merfolk (shapeshifter) (Vaults:4)
  A tarantella (shapeshifter) (Elf:3)
  5 tyrant leeches
  A shadow dragon simulacrum (D:15)
  7 trolls
  A hellwing (Swamp:4)
  4 hornets
  A tengu simulacrum (D:15)
  6 polar bears
  18 tarantellas
  Prince Ribbit (D:7)
  A raiju (shapeshifter) (D:14)
  9 dream sheep
  20 blink frogs
  21 slime creatures
  An ettin zombie (Vaults:5)
  2 snapping turtles (Lair:5)
  15 jumping spiders
  2 spriggan zombies (D:15)
  2 centaur simulacra
  An ettin skeleton (Vaults:3)
  3 shadows
  10 culicivoras
  2 fire elementals
  2 vampires
  A spriggan (Swamp:4)
  A spriggan skeleton (D:15)
  9 wyverns
  22 yaks
  5 wraiths
  6 water elementals
  2 dire elephant simulacra (IceCv)
  7 basilisks
  2 golden eyes (WizLab)
  13 vampire mosquitoes
  3 humans (Bailey)
  34 redbacks
  3 wargs
  A yaktaur simulacrum (Vaults:5)
  3 chaos spawn (Swamp:4)
  A neqoxec (WizLab)
  Menkaure (D:6)
  3 harpy simulacra (IceCv)
  9 swamp worms
  A hog (shapeshifter) (Vaults:5)
  Edmund (D:6)
  2 hydra simulacra (IceCv)
  11 water moccasins
  A swamp drake (Swamp:1)
  2 sky beasts
  A black bear (D:7)
  9 ice beasts
  27 orc warriors
  2 laughing skulls (D:15)
  An ettin simulacrum (Vaults:2)
  3 boggarts (Vaults:3)
  An orc skeleton (Vaults:1)
  27 ogres
  10 wolves
  10 centaurs
  A phantom (D:7)
  7 gnoll sergeants
  6 kobold brigands
  5 elf zombies
  A two-headed ogre simulacrum (IceCv)
  25 bullfrogs
  8 scorpions
  An earth elemental (Elf:3)
  A glowing shapeshifter simulacrum (Vaults:3)
  19 wights
  2 elephant simulacra (IceCv)
  5 killer bees (D:6)
  An electric eel (Lair:5)
  2 bombardier beetles
  3 centaur zombies (Ossuary)
  5 human zombies
  16 orc priests
  Crazy Yiuf (D:2)
  2 jellies (D:7)
  2 gnoll boudas
  16 hounds
  4 sleepcaps
  A spectral scorpion (Ossuary)
  5 iguanas
  28 orc wizards
  2 hound zombies (D:4)
  Robin (D:2)
  3 mummies (Ossuary)
  29 gnolls
  11 adders
  2 shadow imps
  6 white imps
  6 ufetubi
  2 dart slugs
  4 ribbon worms
  72 orcs
  9 endoplasms
  2 giant cockroaches
  8 hobgoblins
  9 jackals
  30 kobolds
  3 quokkas
  4 ball pythons
  7 bats
  5 frilled lizards
  19 goblins
  7 rats
  12 starspawn tentacles (WizLab)
1623 creatures vanquished.

Vanquished Creatures (collateral kills)
  A golden dragon (Depths:3)
  An electric golem (Zot:1)
  A moon troll (WizLab)
  A lich (Vaults:5)
  A titan (Vaults:5)
  A deep elf master archer (Elf:3)
  A quicksilver dragon (Vaults:5)
  An ancient champion (Vaults:3)
  A thorn hunter (Swamp:4)
  A tentacled starspawn (WizLab)
  A storm dragon (Zot:1)
  A tengu reaver (Vaults:5)
  4 fire giants
  A deep elf sorcerer (Elf:3)
  2 deep elf elementalists (Elf:3)
  2 draconian annihilators
  An ironbound preserver (Vaults:4)
  A cacodemon (WizLab)
  An orc warlord (Orc:2)
  A vampire knight (Depths:4)
  4 stone giants
  An ironbound thunderhulk (Vaults:4)
  2 white draconians (Depths:4)
  A deep elf annihilator (Elf:3)
  A black draconian (Depths:4)
  A deep elf demonologist (Elf:3)
  An entropy weaver (Vaults:2)
  A spriggan air mage (Depths:1)
  A hydra (Lair:2)
  A centaur warrior (Vaults:2)
  A great orb of eyes (Vaults:4)
  2 ghost crabs (Swamp:4)
  An ironbound frostheart (Vaults:4)
  A tengu warrior (Depths:1)
  A hell knight (Depths:3)
  A wretched star (WizLab)
  An orange crystal statue (WizLab)
  2 glowing orange brains
  A flayed ghost (Vaults:5)
  3 deep trolls
  A phantasmal warrior (Vaults:3)
  2 deep elf archers (Elf:3)
  A necromancer (Depths:1)
  A deep elf pyromancer (Elf:3)
  An orc knight (Orc:2)
  2 fire giant zombies
  2 ugly things
  An orc sorcerer (Orc:2)
  A kobold blastminer (Orc:2)
  A vault sentinel (Vaults:4)
  A smoke demon (Swamp:4)
  A yaktaur (Vaults:4)
  A troll (Orc:2)
  An air elemental (Elf:3)
  2 spriggans (Swamp:4)
  A water elemental (Depths:3)
  2 wargs (Orc:2)
  2 vampire mosquitoes (Swamp:4)
  A fire elemental (Elf:3)
  A basilisk (D:11)
  6 orc warriors (Orc:2)
  4 ogres (Orc:2)
  An orc priest (Orc:2)
  An orc wizard (D:11)
  7 orcs
  A starspawn tentacle (WizLab)
99 creatures vanquished.

Vanquished Creatures (others)
  A fenstrider witch (Swamp:4)
  A draconian scorcher (Zot:1)
  2 water elementals (Elf:1)
  10 foxfires
  12 starspawn tentacles (WizLab)
26 creatures vanquished.

Grand Total: 1748 creatures vanquished

Notes
Turn   | Place    | Note
-------+----------+-------------------------------------------
     0 | D:1      | AndadaC the Minotaur Berserker began the quest for the Orb.
     0 | D:1      | Reached XP level 1. HP: 19/19 MP: 0/0
   480 | D:1      | Reached XP level 2. HP: 27/27 MP: 1/1
  1043 | D:2      | Reached ** piety under Trog
  1056 | D:2      | Reached XP level 3. HP: 23/33 MP: 2/2
  1153 | D:2      | Noticed Robin
  1159 | D:2      | Killed Robin
  1165 | D:2      | Reached skill level 5 in Axes
  1221 | D:2      | Found a runed translucent door.
  1222 | D:2      | Noticed Crazy Yiuf
  1232 | D:2      | Killed Crazy Yiuf
  1233 | D:2      | Reached XP level 4. HP: 23/40 MP: 3/3
  1348 | D:2      | Found Jiufriape's Magic Scroll Shoppe.
  1454 | D:2      | Bought a scroll of teleportation for 36 gold pieces
  1712 | D:2      | Reached XP level 5. HP: 42/46 MP: 4/4
  2016 | D:3      | Found an ancient bone altar of Kikubaaqudgha.
  2017 | D:3      | Found a blossoming altar of Fedhas.
  2231 | D:3      | Found a bloodstained altar of Trog.
  2442 | D:4      | Reached *** piety under Trog
  2575 | D:4      | Found a runed translucent gate.
  2575 | D:4      | Found a runed translucent gate.
  2575 | D:4      | Found a runed translucent gate.
  2575 | D:4      | Noticed Biscolet's ghost (novice DjFi)
  2577 | D:4      | Found a basalt altar of Yredelemnul.
  3064 | D:5      | Entered Level 5 of the Dungeon
  3066 | D:5      | Noticed an ogre
  3144 | D:5      | Reached XP level 6. HP: 46/52 MP: 5/5
  3228 | D:4      | Killed Biscolet's ghost
  3229 | D:4      | Reached XP level 7. HP: 45/59 MP: 6/6
  3356 | D:5      | Found Paipsise's Magic Scroll Shop.
  3368 | D:5      | Found Ellun's Assorted Antiques.
  3521 | D:5      | Found Mirric's Weapon Shoppe.
  3531 | D:5      | Reached skill level 10 in Axes
  3844 | D:5      | Found Ygeesh's Weapon Shop.
  3891 | D:5      | Identified the ring of Pride {Wiz rCorr Slay+3}
  3958 | D:5      | Found Miuppour's Assorted Antiques.
  3965 | D:5      | Bought a slimy lead ring for 145 gold pieces
  3965 | D:5      | Identified the ring of Kaumnuf {Fly SInv} (You bought it in
                  | a shop on level 5 of the Dungeon)
  3968 | D:5      | Bought a scroll labelled UXU CEFATTIMOK for 29 gold pieces
  3968 | D:5      | Bought a scroll labelled ORHOTO ETT for 29 gold pieces
  3984 | D:5      | Reached XP level 8. HP: 55/66 MP: 7/7
  4414 | D:5      | Found a shadowy altar of Dithmenos.
  5335 | D:6      | Reached **** piety under Trog
  5354 | D:6      | Noticed Edmund
  5378 | D:6      | Killed Edmund
  5379 | D:6      | Reached XP level 9. HP: 53/71 MP: 8/8
  5407 | D:6      | Found a sand-covered staircase.
  5412 | Ossuary  | Entered an ossuary
  5670 | D:6      | Noticed Jeremiah
  5731 | D:6      | Reached skill level 15 in Axes
  5987 | D:6      | Noticed Menkaure
  6142 | D:7      | Found a staircase to the Ecumenical Temple.
  6303 | D:7      | Reached ***** piety under Trog
  6429 | D:7      | Reached XP level 10. HP: 77/80 MP: 9/9
  6609 | D:7      | Noticed Prince Ribbit
  6624 | D:7      | Killed Prince Ribbit
  6661 | D:7      | Found a shimmering blue altar of Sif Muna.
  6684 | D:7      | Found a snail-covered altar of Cheibriados.
  6882 | D:7      | Reached skill level 5 in Fighting
  7424 | D:6      | Killed Jeremiah
  7570 | D:6      | Killed Menkaure
  7740 | D:6      | Noticed a two-headed ogre
  7745 | D:6      | You are sucked into a shaft and drop 1 floor!
  7934 | D:6      | Killed a two-headed ogre
  7935 | D:6      | Reached skill level 5 in Armour
  8182 | D:6      | Received a gift from Trog
  8231 | D:6      | Identified the +0 helmet of the Treeataur {*Slow rC+ rCorr}
  8478 | D:8      | Found Byliw's Self-Published Books.
  8562 | D:8      | Reached XP level 11. HP: 93/93 MP: 10/10
  8602 | D:8      | Noticed Pikel
  8609 | D:8      | Killed Pikel
  8624 | D:8      | Found a flagged portal.
  8766 | Bailey   | Entered a bailey
  8948 | Bailey   | Noticed a vault guard
  8998 | Bailey   | Killed a vault guard
  9153 | Bailey   | Noticed a vault guard
  9183 | Bailey   | Killed a vault guard
  9184 | Bailey   | Reached skill level 10 in Fighting
  9295 | D:8      | Noticed Gastronok
  9302 | D:8      | Killed Gastronok
  9530 | D:8      | Noticed a two-headed ogre
  9537 | D:8      | Killed a two-headed ogre
  9633 | D:8      | Noticed Maurice
  9642 | D:8      | Maurice stole 470 gold
  9643 | D:8      | Maurice stole a talisman of death
  9646 | D:8      | Killed Maurice
 10059 | D:9      | Found a staircase to the Lair.
 10200 | D:9      | Reached XP level 12. HP: 112/112 MP: 11/11
 10656 | D:9      | Received a gift from Trog
 10847 | D:10     | Entered Level 10 of the Dungeon
 10847 | D:10     | Noticed a two-headed ogre
 10856 | D:9      | Killed a two-headed ogre
 10857 | D:9      | Reached skill level 10 in Armour
 10999 | D:10     | Noticed a two-headed ogre
 11021 | D:10     | Killed a two-headed ogre
 11220 | D:10     | Found a stormy altar of Qazlal.
 11233 | D:10     | Found a hazy altar of Hepliaklqana.
 11866 | D:10     | Identified the +1 pair of gloves of Gehenna {*Corrode rC+
                  | Will+}
 12004 | D:10     | Found a staircase to the Orcish Mines.
 12239 | D:11     | Found Jeda's Distillery.
 12512 | D:11     | Found Mourph Ukif's General Store.
 12513 | D:11     | Found Vomaeta's Specific Store.
 13114 | D:2      | Bought a scroll of acquirement for 624 gold pieces
 13115 | D:2      | Acquired the +15 Maxwell's patent armour {-Cast -Tele rElec
                  | Will+ rCorr}
 13115 | D:2      | Found the +15 Maxwell's patent armour {-Cast -Tele rElec
                  | Will+ rCorr}
 13210 | Lair:1   | Entered Level 1 of the Lair of Beasts
 13215 | Lair:1   | Received a gift from Trog
 13551 | Lair:1   | You fall into a shaft and drop 1 floor!
 13551 | Lair:2   | Found a hole to the Spider Nest.
 13568 | Lair:2   | Found a runed translucent gate.
 13568 | Lair:2   | Found a runed translucent gate.
 13568 | Lair:2   | Found a runed translucent gate.
 13569 | Lair:2   | Noticed an 11-headed hydra
 13569 | Lair:2   | Noticed Urrug's ghost (journeyman DrEE)
 13581 | Lair:2   | Reached skill level 15 in Fighting
 14126 | Lair:1   | Reached XP level 13. HP: 118/127 MP: 12/12
 14497 | Lair:2   | Found a staircase to the Swamp.
 14687 | Lair:2   | Killed Urrug's ghost
 14874 | D:12     | Identified the +0 robe of Patience {Harm Will- Regen+
                  | Str+5}
 15416 | D:13     | Received a gift from Trog
 16139 | D:13     | Found Miloiw's General Store.
 16161 | D:13     | Bought a potion of curing for 42 gold pieces
 16687 | D:13     | Reached XP level 14. HP: 114/143 MP: 4/13
 16861 | D:14     | Received a gift from Trog
 16950 | D:14     | Noticed Frances
 16970 | D:14     | Killed Frances
 17228 | D:14     | Reached skill level 15 in Armour
 17342 | D:14     | Identified the +0 leather armour of the Harvest Moon {Harm
                  | *Corrode rN+}
 17375 | D:14     | Noticed Snorg
 17381 | D:14     | Killed Snorg
 17447 | D:14     | Noticed Nessos
 17457 | D:14     | Killed Nessos
 17813 | D:14     | Acquired 1016 gold pieces
 17848 | D:14     | Identified the +1 leather armour "Ferchy" {rN+}
 17878 | D:14     | Found Ecios Urhi's Antique Weapon Boutique.
 18126 | D:14     | Found a gate to the Vaults.
 18386 | D:15     | Entered Level 15 of the Dungeon
 18703 | D:15     | Found a runed translucent gate.
 18703 | D:15     | Found a runed translucent gate.
 18703 | D:15     | Found a runed translucent gate.
 18704 | D:15     | Noticed SafestHooves's ghost (journeyman CeMo)
 19028 | D:15     | Found a staircase to the Depths.
 19371 | D:15     | Received a gift from Trog
 19506 | D:15     | Killed SafestHooves's ghost
 19670 | Orc:1    | Entered Level 1 of the Orcish Mines
 19726 | Orc:1    | Noticed an orc warlord
 19751 | Orc:1    | Killed an orc warlord
 20031 | Orc:1    | Reached XP level 15. HP: 138/157 MP: 4/14
 20269 | Orc:2    | Entered Level 2 of the Orcish Mines
 20275 | Orc:2    | Noticed Jorgrun
 20680 | Orc:1    | Killed Jorgrun
 20692 | Orc:2    | Received a gift from Trog
 21024 | Orc:2    | Found a staircase to the Elven Halls.
 21155 | Orc:2    | Found Tarasof's Distillery.
 21155 | Orc:2    | Found Edweg's Jewellery Emporium.
 21156 | Orc:2    | Found Suumoen's Antique Armour Shoppe.
 21156 | Orc:2    | Found Feupreaf's Distillery.
 21222 | Orc:2    | Identified the ring of Viacih {rPois Int+6}
 21621 | Orc:2    | Bought a potion of degeneration for 16 gold pieces
 21621 | Orc:2    | Bought a potion of heal wounds for 80 gold pieces
 21622 | Orc:2    | Bought a pair of embroidered boots for 240 gold pieces
 22271 | Lair:3   | Reached skill level 1 in Shields
 22305 | Lair:3   | Found a frozen archway.
 22334 | IceCv    | Entered an ice cave
 22360 | IceCv    | Received a gift from Trog
 23813 | Lair:5   | Entered Level 5 of the Lair of Beasts
 23853 | Lair:5   | Reached XP level 16. HP: 153/172 MP: 15/15
 23963 | Lair:5   | Reached skill level 5 in Shields
 24025 | Lair:5   | Found a viscous altar of Jiyva.
 24026 | Lair:5   | Found a staircase to the Slime Pits.
 24633 | Lair:5   | Identified the +11 flail of Jusurytu {pain, rF+ MP+9 Str+2}
 24640 | Lair:5   | Identified the staff "Cias" {+Blink rElec Dex-2 Air Earth
                  | Alchemy}
 24644 | Lair:5   | Identified the +7 rapier "Kogilin" {venom, Dex+4 Stlth+}
 24645 | Lair:5   | Got an earthy gem with 5 turns to spare
 24828 | Swamp:1  | Entered Level 1 of the Swamp
 24837 | Swamp:1  | Reached ****** piety under Trog
 25450 | Swamp:1  | Reached skill level 10 in Shields
 25746 | Swamp:4  | Entered Level 4 of the Swamp
 26065 | Swamp:4  | Received a gift from Trog
 26360 | Swamp:4  | Noticed a thorn hunter
 26380 | Swamp:4  | Killed a thorn hunter
 26695 | Swamp:4  | Noticed a thorn hunter
 26702 | Swamp:4  | Killed a thorn hunter
 26771 | Swamp:4  | Noticed a thorn hunter
 26776 | Swamp:4  | Killed a thorn hunter
 27005 | Swamp:4  | Reached XP level 17. HP: 159/179 MP: 5/16
 27126 | Swamp:4  | Reached skill level 15 in Shields
 27390 | Swamp:4  | Got a decaying rune of Zot
 27718 | Spider:1 | Entered Level 1 of the Spider Nest
 27894 | Spider:1 | Reached skill level 1 in Evocations
 29108 | Spider:1 | Noticed Louise
 29122 | Spider:1 | Killed Louise
 29663 | Spider:4 | Entered Level 4 of the Spider Nest
 29674 | Spider:4 | Received a gift from Trog
 30136 | Spider:4 | Reached skill level 5 in Evocations
 30557 | Spider:4 | Got a gossamer rune of Zot
 30639 | Spider:3 | Received a gift from Trog
 31152 | Vaults:1 | Entered Level 1 of the Vaults
 31207 | Vaults:1 | Reached XP level 18. HP: 155/188 MP: 17/17
 32142 | Vaults:1 | Received a gift from Trog
 33780 | Vaults:3 | Received a gift from Trog
 33994 | Vaults:3 | Reached XP level 19. HP: 33/195 MP: 6/18
 34311 | Vaults:3 | Found a staircase to the Crypt.
 34329 | Vaults:3 | Reached skill level 10 in Evocations
 35121 | Vaults:4 | Received a gift from Trog
 35368 | D:13     | Bought the +16 obsidian axe {drain, demonic, Mesm ^Drain
                  | Fly SInv} for 1328 gold pieces
 35368 | D:13     | Found the +16 obsidian axe {drain, demonic, Mesm ^Drain Fly
                  | SInv}
 35368 | D:13     | Bought the +8 orange crystal plate armour {Archmagi, Int+3
                  | Clar} for 2023 gold pieces
 35368 | D:13     | Found the +8 orange crystal plate armour {Archmagi, Int+3
                  | Clar}
 35694 | Vaults:4 | Identified the +0 short sword of Arhehethrud {heavy, +Blink
                  | rC+ Int-4}
 35783 | Vaults:4 | Found Gozag's Antique Weapon Boutique.
 35785 | Vaults:4 | Found an opulent altar of Gozag.
 35822 | Vaults:4 | Found Gozag's Antique Weapon Shop.
 35836 | Vaults:4 | Found Gozag's Antique Armour Shop.
 35868 | Vaults:4 | Acquired the +18 shield of the Gong {Loud rN+ Will+ rCorr
                  | EV-5}
 35868 | Vaults:4 | Found the +18 shield of the Gong {Loud rN+ Will+ rCorr
                  | EV-5}
 35949 | Vaults:4 | Found Laher's Weapon Boutique.
 36482 | Vaults:4 | Identified the +6 lajatang of the Ghost {flame, Str+4
                  | Stlth+} (Trog gifted it to you on level 4 of the Vaults)
 36482 | Vaults:4 | Received a gift from Trog
 36900 | D:5      | Bought a scroll of enchant weapon for 97 gold pieces
 36900 | D:5      | Bought a scroll of blinking for 97 gold pieces
 36900 | D:5      | Bought a scroll of teleportation for 39 gold pieces
 36900 | D:5      | Bought a scroll of fog for 52 gold pieces
 36932 | D:2      | Bought a scroll of enchant armour for 90 gold pieces
 36932 | D:2      | Bought a scroll of blinking for 90 gold pieces
 36932 | D:2      | Bought a scroll of fear for 48 gold pieces
 36932 | D:2      | Bought a scroll of fear for 48 gold pieces
 36968 | D:5      | Bought a scroll labelled TOCKEU ZARIOSK for 29 gold pieces
 37381 | Vaults:5 | Entered Level 5 of the Vaults
 37649 | Vaults:5 | Reached XP level 20. HP: 88/203 MP: 6/19
 37774 | Vaults:5 | Reached skill level 15 in Evocations
 38177 | Vaults:5 | Received a gift from Trog
 38368 | Vaults:5 | Acquired a manual of Evocations
 38549 | Vaults:5 | Identified the +2 leather armour of Rouf {rPois rN+ Will++}
 38568 | Vaults:5 | Identified the +0 cloak "Loczy" {Int+8 Dex-4 SInv}
 38573 | Vaults:5 | Got a silver rune of Zot
 38585 | Vaults:5 | Noticed an ancient lich
 38603 | Vaults:5 | Killed an ancient lich
 38668 | Vaults:5 | Identified the ring of Runkyrchi {rC+ EV+5}
 38696 | Vaults:5 | Noticed a dread lich
 38876 | Vaults:5 | Killed a dread lich
 39603 | Vaults:5 | Received a gift from Trog
 39771 | Vaults:5 | Identified the +0 pair of boots "Xivedot" {Stlth+}
 40268 | Elf:1    | Entered Level 1 of the Elven Halls
 40600 | Elf:2    | Found Huliriut's Armour Emporium.
 40854 | Elf:3    | Entered Level 3 of the Elven Halls
 40950 | Elf:3    | Reached XP level 21. HP: 202/211 MP: 6/20
 41007 | Elf:3    | Received a gift from Trog
 41223 | Elf:3    | Paralysed by an air elemental for 1 turns
 41360 | Elf:3    | Identified the ring "Neng" {Will- Str+6 Int+3 Dex+2}
 41383 | Elf:3    | Received a gift from Trog
 42160 | Elf:3    | Identified the +5 scimitar "Maiguyph" {protect, MP+9 Dex+3
                  | SInv Stlth+}
 42212 | Elf:3    | Identified the +8 plate armour of Fortification {rC+}
 42617 | Elf:3    | Found the +2 hood of the Assassin {Detect Stab+ Stlth++}
 42628 | Elf:3    | Identified the staff of Law {rPois rF+ Str+3 Int+3 Stlth-
                  | Fire}
 42649 | Elf:3    | Identified the staff "Zisoju" {rF- rC++ rN+ SInv Stlth+
                  | Necro}
 42724 | Elf:3    | Identified the +5 war axe "Qoerphan" {vamp, rC+ Dex+4}
 42739 | Elf:3    | Identified the staff of Pagiricw {Int+4 Conj}
 42746 | Elf:3    | Identified the staff "Cequ" {Will+ rCorr Earth}
 42854 | Elf:3    | Found Ushriugh's Antique Armour Shop.
 42859 | Elf:3    | Bought a spiked scarf for 280 gold pieces
 42859 | Elf:3    | Identified the scarf of Duecw {rC+ rF+, Rampage Str+2} (You
                  | bought it in a shop on level 3 of the Elven Halls)
 43457 | Depths:1 | Entered Level 1 of the Depths
 43735 | Depths:1 | Found a gateway to Hell.
 43819 | Depths:1 | Found a one-way gateway to a ziggurat.
 43845 | Depths:1 | Found an ornate altar of the Wu Jian Council.
 44562 | Depths:3 | Received a gift from Trog
 44821 | Depths:3 | Found a one-way gate leading to the halls of Pandemonium.
 44873 | Depths:3 | Found a one-way gate to the infinite horrors of the Abyss.
 45103 | Depths:3 | Found Bennuded's Distillery.
 45378 | Depths:3 | Noticed a golden dragon
 45387 | Depths:3 | Noticed a dread lich
 45389 | Depths:3 | Killed a golden dragon
 45397 | Depths:3 | Killed a dread lich
 45398 | Depths:3 | Reached XP level 22. HP: 220/220 MP: 21/21
 45603 | Depths:4 | Entered Level 4 of the Depths
 45723 | Depths:4 | Found an opulent altar of Gozag.
 45929 | Depths:4 | Found a gate to the Realm of Zot.
 45943 | Depths:4 | Got a midnight gem with 578 turns to spare
 45964 | Depths:4 | Noticed a golden dragon
 45974 | Depths:4 | Killed a golden dragon
 45979 | Depths:4 | Reached skill level 5 in Dodging
 46043 | Depths:4 | Found a magical portal.
 46091 | WizLab   | Entered Lehudib's Moon Base
 46405 | WizLab   | Found a transporter.
 46441 | WizLab   | Received a gift from Trog
 46652 | WizLab   | Gained mutation: You sometimes lose your temper in combat.
                  | [a cacodemon]
 47363 | WizLab   | Found a transporter.
 48102 | Zot:1    | Entered Level 1 of the Realm of Zot
 48161 | Zot:1    | Reached skill level 10 in Dodging
 48561 | Zot:1    | Reached XP level 23. HP: 26/226 MP: 22/22
 48567 | Zot:1    | Killed from afar by a shadow dragon

Illustrated notes

Levels and vault maps discovered:
D:1:      lemuel_arrival_lava_pool, layout_loops_corners
D:2:      layout_basic, serial_shops, shop, minmay_pentomino_r4,
          uniq_crazy_yiuf_cottage, uniq_robin
D:3:      layout_basic, grunt_temple_overflow_growth_and_decay,
          trog_butcher_becter
D:4:      layout_loops_ring, nicolae_yredelemnul_ghost_church, serial_glass,
          glass_columns_c, glass_columns_a
D:5:      layout_cave_pools, nicolae_dithmenos_the_darkroom, serial_gnoll_camp,
          gnoll_camp_mini_doghouse, gnoll_camp_huts_moat, gnoll_camp_mini_hut,
          gnoll_camp_mini_house, serial_shops, nicolae_shop_crystal,
          nicolae_shop_pleasant_corner_grove, shop,
          nicolae_shop_tiny_statue_garden, nicolae_shop_real_fake_doors,
          chequers_big_river, kennysheep_generic_room_2
D:6:      kennysheep_windowed_halls, layout_basic, enter_ossuary_5,
          st_stairs_13, uniq_jeremiah, uniq_menkaure, uniq_edmund
D:7:      layout_rooms, mainiacjoe_overflow_two_lobes,
          minmay_temple_entry_stoned_glass, grunt_ministairs_1, nzn_random_ring,
          uniq_prince_ribbit1
D:8:      layout_loops_ring, enter_bailey_6, nicolae_custom_books, uniq_pikel,
          uniq_maurice, uniq_gastronok
D:9:      layout_basic, hellmonk_lair_entry_icy, chequers_serial_rivers_large_a,
          serial_bayou_crossing
D:10:     layout_loops_ring, amethyst_overflow_temple_binary, hiddenorc1_lemuel
D:11:     layout_long_grid, serial_shops, shop, nicolae_specific_store
D:12:     layout_roguey
D:13:     regret_index_early_branch_jog, layout_basic
D:14:     layout_stronghold, hellmonk_vaults_keyhole, serial_shops, shop,
          minivault_11, uniq_snorg, uniq_frances, uniq_nessos
D:15:     gammafunk_depths_entry_grave, layout_basic,
          gammafunk_ghost_necromancy, corexii_leaking_fountain
Lair:1:   layout_hall_layers, pdpol_lair_neglected_garden, beast_lair_carwin_11
Lair:2:   layout_concentric_octagons, mainiacjoe_swamp_entry_lozenge_pond,
          dummy_spider_entry, gammafunk_ghost_hydra_chop, lemuel_fruit_tree
Lair:3:   layout_hall_layers, portal_ice_cave_entry_pillars_1
Lair:4:   layout_long_grid
Lair:5:   gammafunk_lair_ancient_temple, layout_gridlike, slime_entry_1,
          grunt_megastairs_2
Swamp:1:  layout_basic_swamp, nicolae_swamp_reclaimed_castle
Swamp:2:  layout_falls_marsh, hangedman_swamp_blocks, swamp_pool_1_2,
          nicolae_swamp_drake_lake, infiniplex_staircase_pool
Swamp:3:  layout_falls_marsh, hangedman_swamp_ruin_wall, swamp_pool_1_2
Swamp:4:  nzn_swamp_witches_coven, layout_basic_swamp,
          nicolae_swamp_decorative_isthmus
Spider:1: layout_spider_delve, uniq_louise
Spider:2: layout_spider_delve, einodemon_crawler_minivault, uniq_asterion,
          uniq_nikola
Spider:3: layout_spider_delve, nicolae_spider_eight_legs,
          hangedman_spider_tarantella_strand
Spider:4: grunt_spider_rune_island
Orc:1:    layout_diamond_mine
Orc:2:    st_orc_ogre_mass, layout_caves, minmay_orc_treasury, uniq_jorgrun
Elf:1:    minmay_elf_arrival_summoners, layout_onion_city, evilmike_minifort
Elf:2:    elven_hall_of_blades_hangedman_original [nicolae_blade_lattice],
          layout_loops_cross, serial_shops, shop
Elf:3:    elf_hall, layout_onion_city, serial_shops, nicolae_shop_hallway_plus,
          grunt_ministairs_10
Vaults:1: nicolae_vaults_ninety_degrees, v_pattern_1, vaults_room_hallway,
          nicolae_vaults_trapezoid_3, dpeg_vaults_monster_box,
          nicolae_vaults_display_case, vaults_room_octagon,
          hangedman_vaults_stitches, nicolae_vaults_variable_pillar_hall,
          vaults_room_fours, v_misc_11, nicolae_vaults_trapezoid_2,
          nicolae_vaults_house_3, layout_vaults_omnicross
Vaults:2: hangedman_vaults_restitches, vaults_room_corners,
          nicolae_vaults_tangram_1, v_misc_17, nicolae_vaults_storage_closets_3,
          nicolae_vaults_tetromino_T_2, nicolae_vaults_shipping_containers_4,
          hangedman_vaults_maws, layout_vaults_omnigrid
Vaults:3: hangedman_vaults_slither, nicolae_vaults_offset_grid_hallway_4,
          minmay_crypt_entry_simple_box, hangedman_vaults_locks,
          nicolae_vaults_triangles, nicolae_vaults_diagonal_hallway_8,
          nicolae_vaults_surprise_closet_hard,
          nicolae_vaults_offset_grid_hallway_1, ontoclasm_vaults_idyll,
          vaults_dpeg_doors, ontoclasm_vaults_fault, v_alt_pattern_1,
          vaults_room_pool, hangedman_vaults_impose, vaults_room_fours,
          nicolae_vaults_border_crossing, layout_vaults_maze
Vaults:4: v_misc_17, grunt_vaults_funnel, kennysheep_vaults_gozag_temple,
          v_rooms_2, vaults_mumra_minichess_inversion,
          nicolae_vaults_stepped_doors, nicolae_vaults_taking_the_gang_shopping,
          nicolae_vaults_network_barrier, ontoclasm_vaults_decontamination,
          v_misc_24, nicolae_vaults_layer_cake_slice, layout_vaults_omnibox
Vaults:5: serial_shops
Depths:1: layout_forbidden_donut, enter_ziggurat_f,
          nicolae_wu_jian_wuxing_cycle, hell_entry, minmay_fountain_box,
          kennysheep_generic_room_15
Depths:2: minmay_textured_paths, layout_basic, hangedman_tar_grid_catacomb,
          hangedman_abyss_or_decor_stagger, grunt_pan_entry_sceptre,
          minmay_misc_feat_roman
Depths:3: cross_vault, layout_cave_pools, hell_entry, serial_shops, shop,
          pan_entry, abyss_entry, serial_bayou_shore_b,
          infiniplex_staircase_zigzag_1, serial_bayou_shore_b
Depths:4: grunt_zot_entry_gee_three, layout_basic,
          infiniplex_enter_wizlab_glasses, hell_entry, pan_entry,
          minmay_variable_closet, grunt_gozag_breadcrumbs
Zot:1:    layout_onion_interference, skrybe_zot_glass_3, grunt_megastairs_5

Skill      XL: |  1  2  3  4  5  6  7  8  9 10 11 12 13 14 15 16 17 18 19 20 21 22 |
---------------+-------------------------------------------------------------------+-----
Axes           | 4 5 6 8 9 11 14 16 18 19 | 19.4
Fighting       | 4 7 12 15 18 20 23 | 23.0
Armour         | 6 9 12 14 16 18 19 20 21 22 23 | 23.0
Shields        | 4 14 16 19 20 21 22 23 | 23.0
Evocations     | 5 9 14 18 20 | 20.0
Dodging        | 10 | 10.6
Stealth        | |  0.1

Action                     |  1- 3 |  4- 6 |  7- 9 | 10-12 | 13-15 | 16-18 | 19-21 | 22-24 || total
---------------------------+-------+-------+-------+-------+-------+-------+-------+-------++-------
  Melee: Hand axe          |    88 |    59 |       |       |       |       |       |       ||   147
         Headbutt          |    11 |    16 |    66 |    88 |   194 |   285 |   297 |   108 ||  1065
         War axe           |       |    61 |   287 |       |       |       |       |       ||   348
         Punch             |       |     1 |     1 |       |       |       |       |       ||     2
         Battleaxe         |       |       |    10 |   468 |   718 |   468 |       |       ||  1664
         Broad axe         |       |       |       |       |    21 |   638 |  1024 |   328 ||  2011
 Invoke: Berserk           |     2 |     1 |     3 |     5 |     5 |     2 |     3 |     2 ||    23
         Trog's Hand       |       |       |     1 |     1 |     3 |     2 |     9 |     1 ||    17
         Brothers in Arms  |       |       |       |     1 |     4 |     4 |    11 |     7 ||    27
  Evoke: Lightning rod     |       |       |       |       |       |       |     7 |     1 ||     8
         Tin of tremorston |       |       |       |       |       |       |     3 |       ||     3
         Phial of floods   |       |       |       |       |       |       |     1 |       ||     1
         Wand              |       |       |       |       |       |       |       |     1 ||     1
    Use: Scroll            |       |     3 |     4 |     7 |    12 |    16 |     9 |     1 ||    52
         Potion            |       |       |       |       |       |       |     5 |     2 ||     7
   Stab: Sleeping          |       |     7 |       |     1 |       |       |       |       ||     8
         Distracted        |       |       |       |       |       |     2 |     1 |     4 ||     7
 Armour: Animal skin       |    43 |    55 |     7 |       |       |       |       |       ||   105
         Scale mail        |       |       |    81 |     4 |       |       |       |       ||    85
         Ring mail         |       |       |    77 |   208 |       |       |       |       ||   285
         Plate armour      |       |       |       |    51 |   664 |   722 |    25 |       ||  1462
         Crystal plate arm |       |       |       |       |       |       |   394 |   123 ||   517
  Dodge: Dodged            |    40 |    44 |   118 |   177 |   228 |   245 |    64 |    30 ||   946
  Block: Other             |    10 |    21 |    28 |    73 |   129 |    73 |       |       ||   334
         Reflection        |     1 |       |     6 |     4 |     7 |    36 |   144 |    14 ||   212
         Buckler           |       |       |    59 |       |       |       |       |       ||    59
         Kite shield       |       |       |       |       |     7 |       |       |       ||     7
         Tower shield      |       |       |       |       |       |   890 |  1092 |   298 ||  2280
